 Dungeon Crawl Stone Soup version 0.20.0-15-g7f486f2 (webtiles) character file.

211 polve the Caller (level 5, -3/35 HPs)
             Began as a Mummy Summoner on June 30, 2017.
             Slain by Menkaure (20 damage)
             ... on level 4 of the Dungeon.
             The game lasted 00:05:21 (4274 turns).

polve the Caller (Mummy Summoner)                   Turns: 4274, Time: 00:05:23

Health: -3/35      AC:  4    Str: 11    XL:     5   Next: 57%
Magic:  2/9        EV: 12    Int: 16    God:
Gold:   97         SH:  0    Dex: 12    Spells: 4/10 levels left

rFire    . . .     SeeInvis .   d - +2 short sword (venom)
rCold    . . .     Gourm    .   (no shield)
rNeg     + + +     Faith    .   a - +0 robe
rPois    ∞         Spirit   .   n - +0 helmet
rElec    .         Reflect  .   (no cloak)
rCorr    .         Harm     .   (no gloves)
MR       .....                  k - +0 pair of boots
Stlth    +++.......             (no amulet)
Regen    0.2/turn               e - ring of fire
MPRegen  0.2/turn               f - ring of stealth

@: no status effects
A: no food or potions, fire vulnerability, cold resistance 1, negative energy
resistance 3, torment resistance, unbreathing
a: no special abilities


You were on level 4 of the Dungeon.
You were not hungry.

You visited 1 branch of the dungeon, and saw 4 of its levels.

You collected 97 gold pieces.

Inventory:

Hand Weapons
 d - a +2 short sword of venom (weapon)
Armour
 a - a +0 robe (worn)
 k - a +0 pair of boots (worn)
 n - a +0 helmet (worn)
Jewellery
 e - a ring of fire (left hand)
 f - a ring of stealth (right hand)
 l - an uncursed ring of protection from fire {unknown}
Scrolls
 c - 2 scrolls of teleportation {unknown}
 g - 2 scrolls of remove curse {unknown}
 h - 3 scrolls of identify {unknown}
 i - a scroll of recharging {unknown}
 j - a scroll of magic mapping {unknown}
 m - a scroll of fear {unknown}
Books
 b - a book of Callings

   Spells                             Type                      Level
   a - Summon Small Mammal            Summoning                    1
   b - Call Imp                       Summoning                    2
   c - Call Canine Familiar           Summoning                    3
   d - Summon Guardian Golem          Hexes/Summoning              3
   e - Summon Lightning Spire         Summoning/Air                4
   f - Summon Ice Beast               Ice/Summoning                4


   Skills:
 - Level 1.6 Dodging
 - Level 1.7 Stealth
 - Level 3.1 Spellcasting
 + Level 5.5 Summonings


You had 4 spell levels left.
You knew the following spells:

 Your Spells              Type           Power        Failure   Level  Hunger
a - Call Imp              Summ           ###.....     2%          2    N/A
b - Summon Small Mammal   Summ           ###.         1%          1    N/A
c - Call Canine Familiar  Summ           ###.....     5%          3    N/A

Dungeon Overview and Level Annotations

Branches:
Dungeon (4/15)
 Temple: D:4-7

Altars:
Elyvilon
Fedhas
Qazlal

Annotations:
D:3 torrenera's ghost, amateur TrBe
D:4 Menkaure; murphy's ghost, amateur DDFi


Innate Abilities, Weirdness & Mutations

You do not eat or drink.
Your flesh is vulnerable to fire.
You are immune to poison.
Your flesh is cold resistant. (rC+)
You are immune to negative energy. (rN+++)
You are immune to unholy pain and torment.
You can survive without breathing.


Message History

Your white imp hits Menkaure.
Your white imp freezes Menkaure.
Menkaure resists.
Your crimson imp hits the adder skeleton.
Menkaure hits your white imp!!
Your white imp dies!
You barely miss the adder skeleton.
The adder skeleton is severely damaged.
The adder skeleton bites you but does no damage.
Your crimson imp hits the adder skeleton.
The adder skeleton closely misses you.
You hit the adder skeleton.
You destroy the adder skeleton!
Menkaure hits you!
* * * LOW HITPOINT WARNING * * *
Your crimson imp completely misses Menkaure.
You barely miss Menkaure.
Menkaure is moderately damaged.
Menkaure hits you!!
Ouch! That really hurt!
You die...

.........!)%..
......8....).
............
....?.8....
..........
.........#
.......5(#
$......5M#
........@#
........##
#......##
#######


You could see Menkaure and 2 friendly crimson imps.

Vanquished Creatures
  An orc priest (D:3)
  An orc wizard (D:3)
  2 adders (D:3)
  An ooze (D:2)
  An adder skeleton (D:4)
  2 worms
  3 leopard geckos (D:2)
  8 orcs (D:3)
  3 bats
  A giant cockroach (D:1)
  9 goblins
  4 hobgoblins
  3 kobolds
  A frilled lizard (D:1)
  8 rats
48 creatures vanquished.

Vanquished Creatures (collateral kills)
  Natasha (twice) (D:2)
  A howler monkey skeleton (D:4)
  A worm (D:3)
  2 dart slugs
  A leopard gecko (D:1)
  4 orcs (D:3)
  A giant cockroach (D:3)
  A hobgoblin (D:1)
  3 kobolds
  2 quokkas
  2 bats
  A goblin (D:3)
  A rat (D:1)
22 creatures vanquished.

Vanquished Creatures (others)
  2 fungi (D:3)
  A plant (D:3)
3 creatures vanquished.

Grand Total: 73 creatures vanquished

Notes
Turn   | Place    | Note
-------+----------+-------------------------------------------
     0 | D:1      | polve the Mummy Summoner began the quest for the Orb.
     0 | D:1      | Reached XP level 1. HP: 13/13 MP: 4/4
   466 | D:1      | Reached XP level 2. HP: 15/19 MP: 4/6
   559 | D:1      | Learned a level 2 spell: Call Imp
  1388 | D:2      | Reached XP level 3. HP: 24/24 MP: 4/7
  1417 | D:2      | Noticed Natasha
  1424 | D:2      | Killed Natasha
  1424 | D:2      | Reached skill level 4 in Summonings
  1611 | D:2      | Found a white marble altar of Elyvilon.
  1816 | D:2      | Noticed Natasha
  1825 | D:2      | Killed Natasha
  1825 | D:2      | Reached XP level 4. HP: 15/30 MP: 5/8
  1995 | D:3      | Found a stormy altar of Qazlal.
  1998 | D:3      | Found a blossoming altar of Fedhas.
  2027 | D:3      | Noticed torrenera's ghost (amateur TrBe)
  2056 | D:3      | HP: 1/30 [torrenera's ghost (10)]
  2767 | D:3      | Reached skill level 5 in Summonings
  3170 | D:2      | Learned a level 3 spell: Call Canine Familiar
  3383 | D:3      | Reached XP level 5. HP: 17/35 MP: 4/9
  4169 | D:4      | Noticed murphy's ghost (amateur DDFi)
  4258 | D:4      | Noticed Menkaure
  4274 | D:4      | Slain by Menkaure

Skill      XL: |  1  2  3  4 |
---------------+-------------+-----
Spellcasting   | 3 |  3.1
Summonings     | 4 5 |  5.5
Dodging        | |  1.6
Stealth        | |  1.7

Action                   |  1- 3 |  4- 6 || total
-------------------------+-------+-------++-------
Melee: Unarmed           |    19 |       ||    19
       Short sword       |    35 |    85 ||   120
 Cast: Summon Small Mamm |     7 |       ||     7
       Call Imp          |    10 |    31 ||    41
       Call Canine Famil |       |     2 ||     2
 Stab: Sleeping          |     3 |       ||     3
       Distracted        |       |     2 ||     2
Armor: Robe              |    13 |    22 ||    35
Dodge: Dodged            |    36 |    80 ||   116
